 Dungeon Sprint DCSS version 0.17-a0-1651-gae1a69f (webtiles) character file.

2008 nuthulu the Covert (level 9, 0/39 HPs)
             Began as a Spriggan Enchanter on Aug 14, 2015.
             Was a High Priest of Dithmenos.
             Slain by an anubis guard
             ... wielding a +0 quarterstaff
              (25 damage)
             ... in the Dungeon (Sprint V: "Ziggurat Sprint").
             The game lasted 00:03:48 (444 turns).

nuthulu the Covert (Spriggan Enchanter)              Turns: 444, Time: 00:03:48

Health: 0/39       AC:  3    Str:  6    XL:     9   Next: 2%
Magic:  20/26      EV: 32    Int: 20    God:    Dithmenos [*****.]
Gold:   0          SH:  0    Dex: 23    Spells: 5 memorised, 21 levels left

rFire  . . .     SeeInvis +     I - +5 quick blade
rCold  . . .     Clarity  .     b - +1 robe
rNeg   . . .     SustAt   +     (shield restricted)
rPois  .         Gourm    .     (helmet restricted)
rElec  .         Spirit   .     (no cloak)
rCorr  .         Warding  .     (gloves unavailable)
rMut   .         NoTele   +     (boots unavailable)
MR     +++..                    (no amulet)
Stlth  ++++++++++               O - ring of the Mage {Wiz MR++ Int+3}
                                M - ring of Untruth {SustAt Str+2 Dex+4}

@: wreathed by umbra, very quick, extremely resistant to hostile enchantments,
uncannily stealthy
A: unfitting armour, see invisible, herbivore 3, speed 3, slow metabolism 2
a: Shadow Step, Shadow Form, Renounce Religion


You were in the Dungeon.
You worshipped Dithmenos.
Dithmenos was extremely pleased with you.
You were not hungry.

You visited 1 branch

Inventory:

Hand weapons
 a - a +1 dagger
 I - a +5 quick blade (weapon)
 N - a +2 rapier of freezing
Armour
 b - a +1 robe (worn)
Jewellery
 y - a +6 ring of dexterity
 z - a +6 ring of dexterity
 A - a +6 ring of intelligence
 B - a +6 ring of intelligence
 C - a +6 ring of strength
 D - a +6 ring of strength
 L - the ring of Kiuki {SustAt rN+}
   (You found it in the Dungeon)

   [ring of sustain attributes]

   It sustains your strength, intelligence and dexterity.
   It protects you from negative energy.
 M - the ring of Untruth (left hand) {SustAt Str+2 Dex+4}
   (You found it in the Dungeon)

   [ring of sustain attributes]

   It sustains your strength, intelligence and dexterity.
   It affects your strength (+2).
   It affects your dexterity (+4).
 O - the ring of the Mage (right hand) {Wiz MR++ Int+3}
   (You found it in the Dungeon)

   [ring of wizardry]

   It improves your spell success rate.
   It affects your intelligence (+3).
   It affects your resistance to hostile enchantments.
Magical devices
 E - a wand of disintegration (7)
 F - a wand of fire (5)
 G - a wand of cold (5)
 H - a wand of draining (5)
Scrolls
 j - 4 scrolls of blinking
 q - 4 scrolls of amnesia
 r - 3 scrolls of recharging
 s - 7 scrolls of fog
 u - 5 scrolls of identify
 v - 5 scrolls of remove curse
 w - 2 scrolls of fear
Potions
 e - 9 potions of curing
 f - 7 potions of heal wounds
 g - 6 potions of haste
 h - 7 potions of magic
 i - 3 potions of berserk rage
 k - 2 potions of brilliance
 l - 2 potions of invisibility
 m - 4 potions of resistance
 o - 5 potions of agility
 p - 5 potions of might
Books
 c - a book of Maledictions

   Spells                             Type                      Level
   a - Corona                         Hexes                        1
   b - Ensorcelled Hibernation        Hexes/Ice                    2
   c - Confuse                        Hexes                        3
   d - Tukima's Dance                 Hexes                        3
   e - Dazzling Spray                 Conjuration/Hexes            3
 n - a book of Air

   Spells                             Type                      Level
   a - Shock                          Conjuration/Air              1
   b - Swiftness                      Charms/Air                   2
   c - Repel Missiles                 Charms/Air                   2
   d - Static Discharge               Conjuration/Air              3
   e - Lightning Bolt                 Conjuration/Air              5
 J - a book of Alchemy

   Spells                             Type                      Level
   a - Sublimation of Blood           Necromancy                   2
   b - Ignite Poison                  Fire/Transmutation/Poison    3
   c - Alistair's Intoxication        Transmutation/Poison         4
   d - Condensation Shield            Ice                          4
   e - Petrify                        Transmutation/Earth          4
   f - Irradiate                      Conjuration/Transmutation    5
 K - Kadeew's Tome of Fascination and Augmentations
   (You found it in the Dungeon)

   Spells                             Type                      Level
   a - Swiftness                      Charms/Air                   2
   b - Slow                           Hexes                        2
   c - Tukima's Dance                 Hexes                        3
   d - Excruciating Wounds            Charms/Necromancy            5
   e - Summon Mana Viper              Hexes/Summoning              5
Comestibles
 d - 5 bread rations
 x - 42 fruits


   Skills:
 + Level 9.4 Short Blades
 + Level 12.2 Dodging
 + Level 13.5 Stealth
 + Level 12.0 Spellcasting
 + Level 12.2 Hexes


You had 21 spell levels left.
You knew the following spells:

 Your Spells              Type           Power        Failure   Level  Hunger
a - Corona                Hex            ######.      1%          1    None
b - Ensorcelled Hibernat  Hex/Ice        #####.       1%          2    None
c - Tukima's Dance        Hex            ######..     1%          3    None
d - Repel Missiles        Chrm/Air       ##....       4%          2    None
e - Dazzling Spray        Conj/Hex       #####...     1%          3    None


Dungeon Overview and Level Annotations

Branches:
Dungeon (1/1)

Altars:
Ashenzari
Cheibriados
Dithmenos
Elyvilon
Fedhas
Gozag
Kikubaaqudgha
Makhleb
Nemelex Xobeh
Okawaru
Qazlal
Ru
Sif Muna
Trog
Vehumet
Xom
Yredelemnul
Zin
The Shining One
Beogh
Jiyva
Lugonu


Innate Abilities, Weirdness & Mutations

You are tiny and cannot use many weapons and most armour.
You have supernaturally acute eyesight.
You are a herbivore.
You cover ground extremely quickly.
You need consume almost no food.


Message History

You destroy the mummy!
Dithmenos accepts your kill.
The flying skull convulses!
You destroy the flying skull!
Dithmenos accepts your kill.
Your Spellcasting skill increases to level 12!
You have reached level 9!
Your experience leads to an increase in your attributes!
Your base attributes are Str 4, Int 16, Dex 19.
Increase (S)trength, (I)ntelligence, or (D)exterity?
You feel clever.
The mummy convulses!
The shadow wraith convulses!
The ushabti barely misses you. The greater mummy hits you!
You emit a cloud of dark smoke.
The shadow wraith is lost in a daze.
Unknown command.
Drink which item? (? for menu, Esc to quit)
You feel much better. The ushabti hits you! The mummy misses you.
The anubis guard hits you with a quarterstaff!!
Ouch! That really hurt!
You die...

▓.......▓
▓.......▓
▓.......▓
▓.......▓
▓.......▓
▓▓▓▓▓▓▓▓▓
▓§§8§8..▓
▓§M§8§W.▓
▓§§@M8..▓
▓§§§H§..▓
▓§§§§§..▓
▓.......▓
▓.......▓
▓.▓...▓.▓
▓.......▓
▓▓▓▓▓▓▓▓▓


You could see a greater mummy (dazed), a shadow wraith (dazed), an anubis guard,
2 ushabtiu and a mummy (dazed).

Vanquished Creatures
  A shining eye (D)
  2 slime creatures (D)
  A flying skull (D)
  2 yaks (D)
  A golden eye (D)
  A water moccasin (D)
  A porcupine (D)
  A phantom (D)
  A wight (D)
  An orc priest (D)
  A jelly (D)
  2 iguanas (D)
  2 orc wizards (D)
  A sheep (D)
  A mummy (D)
  An adder (D)
  2 river rats (D)
  A giant eyeball (D)
  An adder zombie (D)
  A bat skeleton (D)
  A giant gecko zombie (D)
26 creatures vanquished.

Vanquished Creatures (others)
  A spatial maelstrom (D)
1 creature vanquished.

Grand Total: 27 creatures vanquished

Notes
Turn   | Place    | Note
--------------------------------------------------------------
     0 | D        | nuthulu the Spriggan Enchanter began the quest for the Orb.
     0 | D        | Reached XP level 1. HP: 9/9 MP: 5/5
     0 | D        | Found a roughly hewn altar of Beogh.
     0 | D        | Found a viscous altar of Jiyva.
     0 | D        | Found a corrupted altar of Lugonu.
     0 | D        | Found a white marble altar of Elyvilon.
     0 | D        | Found a sparkling altar of Nemelex Xobeh.
     1 | D        | Found a burning altar of Makhleb.
     1 | D        | Found an iron altar of Okawaru.
     1 | D        | Found a deep blue altar of Sif Muna.
     1 | D        | Found a radiant altar of Vehumet.
     1 | D        | Found a bloodstained altar of Trog.
     1 | D        | Found a shimmering altar of Xom.
    25 | D        | Became a worshipper of Dithmenos the Shadowed
    30 | D        | Banished a spatial maelstrom
    57 | D        | Reached skill level 6 in Spellcasting
    57 | D        | Reached skill level 7 in Hexes
    57 | D        | Reached XP level 2. HP: 13/13 MP: 5/10
    61 | D        | Learned a level 2 spell: Ensorcelled Hibernation
   100 | D        | Entered arena 1.
   100 | D        | Noticed a water moccasin
   107 | D        | Killed a water moccasin
   107 | D        | Reached skill level 5 in Dodging
   107 | D        | Reached skill level 8 in Spellcasting
   107 | D        | Reached XP level 3. HP: 11/16 MP: 6/13
   107 | D        | Reached XP level 4. HP: 14/21 MP: 6/15
   171 | D        | Entered arena 2.
   171 | D        | Noticed an orc priest
   171 | D        | Noticed an orc wizard
   171 | D        | Noticed an orc wizard
   177 | D        | Killed an orc priest
   177 | D        | Reached XP level 5. HP: 6/24 MP: 11/16
   180 | D        | Killed an orc wizard
   182 | D        | Killed an orc wizard
   182 | D        | Acquired Dithmenos's first power
   182 | D        | Reached skill level 9 in Hexes
   193 | D        | Learned a level 3 spell: Tukima's Dance
   196 | D        | Learned a level 2 spell: Repel Missiles
   200 | D        | Learned a level 3 spell: Dazzling Spray
   245 | D        | Entered arena 3.
   245 | D        | Noticed an iguana
   245 | D        | Noticed an iguana
   245 | D        | Noticed a yak
   249 | D        | Killed a yak
   249 | D        | Reached skill level 5 in Short Blades
   249 | D        | Reached XP level 6. HP: 28/28 MP: 19/19
   251 | D        | Killed an iguana
   254 | D        | Killed an iguana
   262 | D        | Identified Kadeew's Tome of Fascination and Augmentations (You found it in the Dungeon)
   290 | D        | Entered arena 4.
   290 | D        | Noticed a porcupine
   290 | D        | Noticed a yak
   294 | D        | Killed a yak
   294 | D        | Acquired Dithmenos's second power
   294 | D        | Reached skill level 10 in Stealth
   294 | D        | Reached skill level 10 in Spellcasting
   294 | D        | Reached skill level 10 in Hexes
   294 | D        | Reached XP level 7. HP: 32/32 MP: 19/21
   299 | D        | Killed a porcupine
   305 | D        | Reached skill level 11 in Stealth
   309 | D        | Got the ring of Kiuki {SustAt rN+}
   312 | D        | Got the ring of Untruth {SustAt Str+2 Dex+4}
   389 | D        | Entered arena 5.
   389 | D        | Noticed a wight
   389 | D        | Noticed a phantom
   393 | D        | Killed a phantom
   393 | D        | Acquired Dithmenos's third power
   393 | D        | Reached skill level 10 in Dodging
   400 | D        | Killed a wight
   409 | D        | Entered arena 6.
   409 | D        | Noticed a jelly
   409 | D        | Noticed a golden eye
   409 | D        | Noticed a shining eye
   409 | D        | Noticed a slime creature
   409 | D        | Noticed a slime creature
   415 | D        | Killed a shining eye
   415 | D        | Reached skill level 12 in Stealth
   415 | D        | Reached XP level 8. HP: 36/36 MP: 21/24
   416 | D        | Killed a slime creature
   416 | D        | Acquired Dithmenos's fourth power
   418 | D        | Killed a slime creature
   418 | D        | Reached skill level 13 in Stealth
   420 | D        | Killed a golden eye
   422 | D        | Killed a jelly
   439 | D        | Entered arena 7.
   439 | D        | Noticed an ushabti
   439 | D        | Noticed an ushabti
   439 | D        | Noticed a flying skull
   439 | D        | Noticed a greater mummy
   439 | D        | Noticed an anubis guard
   443 | D        | Noticed a shadow wraith
   443 | D        | Killed a flying skull
   443 | D        | Reached XP level 9. HP: 36/39 MP: 20/26
   444 | D        | Slain by an anubis guard

Vault maps used:
D:        sprint_v

Action                   |  1- 3 |  4- 6 |  7- 9 || total
-------------------------+-------+-------+-------++-------
Melee: Quick blade       |     3 |    12 |    28 ||    43
 Cast: Ensorcelled Hiber |     2 |     5 |     3 ||    10
       Tukima's Dance    |       |       |     1 ||     1
Invok: Shadow Step       |       |       |     1 ||     1
  Use: Potion            |     1 |     2 |     2 ||     5
       Scroll            |       |       |     2 ||     2
 Stab: Sleeping          |     3 |     7 |    10 ||    20
